 Dungeon Crawl Stone Soup version 0.20.2-3-g29329e0561 (webtiles) character file.

301 Alfie the Skirmisher (level 6, -2/53 HPs)
             Began as a Hill Orc Fighter on Feb 20, 2024.
             Slain by a gnoll (4 damage)
             ... on level 3 of the Dungeon.
             The game lasted 00:05:04 (1911 turns).

Alfie the Skirmisher (Hill Orc Fighter)             Turns: 1911, Time: 00:05:04

Health: -2/53      AC:  9    Str: 26    XL:     6   Next: 37%
Magic:  6/6        EV:  8    Int:  8    God:
Gold:   126        SH: 10    Dex: 12    Spells: 5/5 levels left

rFire    . . .     SeeInvis .   a - +0 rapier
rCold    . . .     Gourm    .   c - +0 shield
rNeg     . . .     Faith    +   b - +0 scale mail
rPois    .         Spirit   .   (no helmet)
rElec    .         Reflect  .   (no cloak)
rCorr    .         Harm     .   (no gloves)
MR       .....     Clarity  +   (no boots)
Stlth    ..........             v - amulet of faith
Regen    0.2/turn               t - ring of wizardry
MPRegen  0.1/turn               (no ring)

@: mighty
A: icy blue scales 1, agile 1, clarity, evolution 1
a: no special abilities


You were on level 3 of the Dungeon.
You were not hungry.

You visited 1 branch of the dungeon, and saw 3 of its levels.

You collected 126 gold pieces.

Inventory:

Hand Weapons
 a - a +0 rapier (weapon)
Missiles
 r - 6 tomahawks (quivered)
Armour
 b - a +0 scale mail (worn)
 c - a +0 shield (worn)
Jewellery
 m - an uncursed amulet of the gourmand
 t - a ring of wizardry (left hand)
 v - an amulet of faith (around neck)
Scrolls
 i - a scroll of enchant weapon {unknown}
 j - 2 scrolls of identify {unknown}
 l - 2 scrolls of enchant armour {unknown}
 n - a scroll of amnesia {unknown}
 q - 3 scrolls of recharging {unknown}
 w - a scroll of fog {unknown}
Potions
 e - a potion of mutation
 g - 2 potions of agility {unknown}
 k - a potion of heal wounds {unknown}
 p - a potion of magic {unknown}
 u - a potion of lignification {unknown}
Comestibles
 f - a bread ration
 o - a meat ration
 s - a royal jelly


   Skills:
 + Level 4.7 Fighting
 + Level 3.8 Short Blades
 + Level 4.7 Armour
 + Level 1.0 Dodging
 + Level 4.6 Shields


You had 5 spell levels left.
You didn't know any spells.

Dungeon Overview and Level Annotations

Branches:
Dungeon (3/15)

Altars:
Gozag
The Shining One


Innate Abilities, Weirdness & Mutations

You are partially covered in icy blue scales. (AC +2)
You are agile. (Dex +2)
You possess an exceptional clarity of mind.
You evolve.


Message History

The big kobold hits you but does no damage.
The gnoll hits you.
* * * LOW HITPOINT WARNING * * *
The gnoll hits you but does no damage.
Your shield and scale mail prevent you from hitting the big kobold.
You block the big kobold's attack. The gnoll hits you but does no damage.
You block the gnoll's attack.
You puncture the big kobold!
The big kobold is heavily wounded.
You block the big kobold's attack. The gnoll closely misses you.
You block the gnoll's attack.
The big kobold hits you with a short sword.
* * * LOW HITPOINT WARNING * * *
The gnoll hits you but does no damage.
You puncture the big kobold!
You kill the big kobold!
Your Dodging skill increases to level 1!
You block the gnoll's attack. x2; The gnoll misses you.
The gnoll hits you.
You die...

#############################
#.............g#@......#...)#
#.............gg((.....#....#
#.............g#########...)#####
...g########..g.......#......#...
....# #....).....'......'...
g...########..........#......#...
#..............#########....#####
#.)..)).....(..').(.(((#(...#
#..............#.).((..#....#


You could see 2 gnolls and 2 hobgoblins.

Vanquished Creatures
  2 big kobolds (D:3)
  An orc wizard (D:3)
  An orc priest (D:3)
  A gnoll (D:3)
  2 adders (D:2)
  A worm (D:2)
  2 leopard geckos (D:2)
  2 orcs (D:3)
  5 bats
  4 giant cockroaches (D:2)
  14 goblins
  9 hobgoblins
  2 jackals (D:2)
  10 kobolds
  A quokka (D:2)
  6 rats
63 creatures vanquished.

Notes
Turn   | Place    | Note
-------+----------+-------------------------------------------
     0 | D:1      | Alfie the Hill Orc Fighter began the quest for the Orb.
     0 | D:1      | Reached XP level 1. HP: 19/19 MP: 1/1
   189 | D:1      | Reached XP level 2. HP: 20/27 MP: 2/2
   689 | D:2      | Reached XP level 3. HP: 21/33 MP: 3/3
   690 | D:2      | Found a glowing golden altar of the Shining One.
  1057 | D:2      | Reached XP level 4. HP: 31/40 MP: 4/4
  1506 | D:3      | Found an opulent altar of Gozag.
  1596 | D:3      | Reached XP level 5. HP: 10/47 MP: 5/5
  1865 | D:3      | Noticed a big kobold
  1865 | D:3      | Noticed a big kobold
  1896 | D:3      | HP: 2/47 [gnoll (5)]
  1903 | D:3      | Killed a big kobold
  1906 | D:3      | Reached XP level 6. HP: 8/53 MP: 6/6
  1907 | D:3      | Gained mutation: You possess an exceptional clarity of mind. [potion of mutation]
  1907 | D:3      | Gained mutation: You evolve. [potion of mutation]
  1907 | D:3      | Gained mutation: You are agile. (Dex +2) [potion of mutation]
  1907 | D:3      | Gained mutation: You are partially covered in icy blue scales. (AC +2) [potion of mutation]
  1909 | D:3      | HP: 2/53 [big kobold/short sword (3)]
  1910 | D:3      | Reached skill level 1 in Dodging
  1911 | D:3      | Slain by a gnoll

Skill      XL: |  1  2  3  4  5  6 |
---------------+-------------------+-----
Fighting       | 4 |  4.7
Shields        | 4 |  4.6
Armour         | 4 |  4.7
Short Blades   | 3 |  3.8
Dodging        | 1 |  1.0

Action                   |  1- 3 |  4- 6 || total
-------------------------+-------+-------++-------
Melee: Rapier            |   124 |   114 ||   238
Throw: Tomahawk          |       |     5 ||     5
  Use: Potion            |       |     5 ||     5
  Eat: Bread ration      |     1 |       ||     1
Armor: Scale mail        |    47 |    67 ||   114
Dodge: Dodged            |    49 |    44 ||    93
Block: Shield            |    64 |    78 ||   142
